 Dungeon Crawl Stone Soup version 0.18-a0-337-g1235303 (webtiles) character file.

109 FishmanTm the Changer (level 4, -3/35 HPs)
             Began as a Merfolk Transmuter on Nov 29, 2015.
             Slain by an orc wizard
             ... wielding a +0 dagger
              (4 damage)
             ... on level 3 of the Dungeon.
             The game lasted 00:04:29 (2585 turns).

FishmanTm the Changer (Merfolk Transmuter)          Turns: 2585, Time: 00:04:29

Health: -3/35      AC:  2    Str: 10    XL:     4   Next: 89%
Magic:  0/7        EV: 13    Int: 13    God:
Gold:   129        SH:  0    Dex: 14    Spells: 3 memorised, 1 level left

rFire  . . .     SeeInvis .       - Unarmed
rCold  . . .     Clarity  .     b - +0 robe
rNeg   . . .     SustAt   .     (no shield)
rPois  .         Gourm    .     (no helmet)
rElec  .         Spirit   .     (no cloak)
rCorr  .         Warding  .     (no gloves)
rMut   .         Stasis   .     (no boots)
MR     .....                    (no amulet)
Stlth  +.........               (no ring)
                                (no ring)

@: flying, very slightly contaminated, not resistant to hostile enchantments,
very unstealthy
A: change form in water, swift swim
a: no special abilities


You were on level 3 of the Dungeon.
You were hungry.

You visited 1 branch of the dungeon, and saw 3 of its levels.

You collected 129 gold pieces.

Inventory:

Missiles
 a - 94 arrows
Armour
 b - a +0 robe (worn)
Scrolls
 e - a scroll of enchant armour {unknown}
 j - 2 scrolls of amnesia {unknown}
 k - a scroll of blinking {unknown}
 n - 4 scrolls of remove curse {unknown}
 p - a scroll of enchant weapon {unknown}
 q - a scroll of teleportation {unknown}
 w - a scroll of fear {unknown}
 x - a scroll of recharging {unknown}
Potions
 f - 3 potions of curing
 h - a potion of magic {unknown}
 i - a potion of invisibility {unknown}
 l - a potion of heal wounds {unknown}
 r - a potion of agility {unknown}
 s - a potion of haste {unknown}
 u - a potion of poison {unknown}
 v - a potion of lignification {unknown}
Books
 c - a book of Changes

   Spells                             Type                      Level
   a - Beastly Appendage              Transmutation                1
   b - Sticks to Snakes               Transmutation                2
   c - Spider Form                    Transmutation/Poison         3
   d - Ice Form                       Ice/Transmutation            4
   e - Blade Hands                    Transmutation                5
Comestibles
 d - 2 bread rations
 g - 2 meat rations
 o - a slice of pizza
 t - 9 chunks of flesh


   Skills:
 - Level 3.0 Fighting
 - Level 2.6 Dodging
 - Level 4.0 Unarmed Combat
 - Level 2.0 Spellcasting
 + Level 4.6 Transmutations


You had one spell level left.
You knew the following spells:

 Your Spells              Type           Power        Failure   Level  Hunger
a - Beastly Appendage     Trmt           ##....       4%          1    ##.....
b - Sticks to Snakes      Trmt           ##......     8%          2    ###....
c - Spider Form           Trmt/Pois      #.........   34%         3    ####...


Dungeon Overview and Level Annotations

Branches:
Dungeon (3/15)

Altars:
Gozag
Vehumet


Message History

You hit the orc wizard.
The orc wizard is moderately wounded.
The orc wizard gestures at you while chanting.
The magic dart hits you!
* * * LOW HITPOINT WARNING * * *
You hit the orc wizard.
The orc wizard is heavily wounded.
The orc wizard hits you with a dagger.
* * * LOW HITPOINT WARNING * * *
Unknown command.
You hit the orc wizard.
The orc wizard is severely wounded.
The orc wizard hits you with a dagger.
* * * LOW HITPOINT WARNING * * *
Unknown command.
Drink which item? (? for menu, Esc to quit)
It was a potion of flight.
You feel very buoyant.
You fly up into the air.
The orc wizard hits you with a dagger.
You die...

..#######.#####.#.>
.### #.†........
..[#####..##..####
#<......>##).## ..
#.##.##.....##
..#### .........####
.....
..........########
..##.#
......###÷.....o.###
#.# .. ......#
########@..# #.# #.
.....##
###.#########.###.
#....##########
#.............#.
###.....##....#
###########.....
##...##.).....#
#####.
...######.....# #.
.### #.....# ## ..#
##....######## ..#
#.......)...#####


You could see an orc wizard.

Vanquished Creatures
  An orc priest (D:3)
  2 adders (D:2)
  2 worms
  4 giant geckos
  An orc (D:3)
  7 giant cockroaches
  5 hobgoblins
  8 jackals
  3 kobolds
  A ball python (D:2)
  6 bats
  4 giant newts
  6 goblins
  5 rats
55 creatures vanquished.

Vanquished Creatures (collateral kills)
  A goblin (D:2)
  A jackal (D:1)
2 creatures vanquished.

Grand Total: 57 creatures vanquished

Notes
Turn   | Place    | Note
--------------------------------------------------------------
     0 | D:1      | FishmanTm the Merfolk Transmuter began the quest for the Orb.
     0 | D:1      | Reached XP level 1. HP: 15/15 MP: 3/3
   234 | D:1      | Reached XP level 2. HP: 12/22 MP: 5/5
   371 | D:1      | Learned a level 2 spell: Sticks to Snakes
  1200 | D:2      | Reached XP level 3. HP: 27/29 MP: 2/6
  1210 | D:1      | Learned a level 3 spell: Spider Form
  1399 | D:2      | Reached skill level 4 in Unarmed Combat
  1533 | D:2      | Found an opulent altar of Gozag.
  1692 | D:2      | Found a radiant altar of Vehumet.
  1746 | D:2      | Reached XP level 4. HP: 20/35 MP: 2/7
  2584 | D:3      | HP: 1/35 [orc wizard/dagger (1)]
  2585 | D:3      | Slain by an orc wizard

Vault maps used:
D:1:      scummos_arrival_simple_fountains
D:2:      vehumet_crystals, grunt_gozag_breadcrumbs

Action                   |  1- 3 |  4- 6 || total
-------------------------+-------+-------++-------
Melee: Unarmed           |   108 |    53 ||   161
 Cast: Beastly Appendage |    16 |       ||    16
       Sticks to Snakes  |     5 |       ||     5
       Spider Form       |     7 |     8 ||    15
  Use: Potion            |       |     2 ||     2
 Stab: Sleeping          |     3 |       ||     3
       Distracted        |     1 |       ||     1
  Eat: Chunk             |     5 |     3 ||     8
